 Dungeon Crawl Stone Soup version 0.21-a0-538-gd16b88a (webtiles) character file.

347 Lasiace the Chucker (level 6, -1/62 HPs)
             Began as an Ogre Arcane Marksman on Dec 15, 2017.
             Slain by a hound (6 damage)
             ... on level 4 of the Dungeon.
             The game lasted 00:29:03 (4875 turns).

Lasiace the Chucker (Ogre Arcane Marksman)          Turns: 4875, Time: 00:29:03

Health: -1/62      AC:  3    Str: 15    XL:     6   Next: 59%
Magic:  0/9        EV: 11    Int: 14    God:
Gold:   183        SH:  5    Dex: 11    Spells: 6/9 levels left

rFire    . . .     SeeInvis .   a - +0 whip
rCold    . . .     Gourm    .   (no shield)
rNeg     . . .     Faith    .   d - +0 robe
rPois    .         Spirit   .   (helmet restricted)
rElec    .         Reflect  +   (no cloak)
rCorr    .         Harm     .   (gloves unavailable)
MR       .....                  (boots unavailable)
Stlth    +.........             I - +5 amulet of reflection
HPRegen  0.20/turn              (no ring)
MPRegen  0.11/turn              (no ring)

@: no status effects
A: large, unfitting armour, tough skin 1
a: no special abilities


You were on level 4 of the Dungeon.
You were not hungry.

You visited 1 branch of the dungeon, and saw 4 of its levels.

You collected 183 gold pieces.

Inventory:

Hand Weapons
 a - a +0 whip (weapon)
Missiles
 g - 2 throwing nets {=f !f}
 m - 28 stones {@Q0}
 q - 2 large rocks (quivered) {@Q6}
 u - 35 sling bullets {@Q3}
Armour
 d - a +0 robe (worn)
Jewellery
 I - a +5 amulet of reflection (around neck)
Scrolls
 b - 2 scrolls of remove curse
 h - 2 scrolls of identify {unknown}
 i - a scroll of noise {unknown}
 p - a scroll of enchant armour {unknown}
 r - a scroll of blinking {unknown}
 s - 2 scrolls of enchant weapon {unknown}
 t - a scroll of amnesia {unknown}
 w - a scroll of magic mapping {unknown}
Potions
 c - 2 potions of lignification {!q}
 e - 2 potions of haste
 j - 2 potions of curing {@q2}
 l - a potion of mutation {unknown}
 v - a potion of flight {unknown}
 x - 2 potions of heal wounds {unknown}
Books
 B - a book of Debilitation

   Spells                             Type                      Level
   a - Corona                         Hexes                        1
   b - Slow                           Hexes                        2
   c - Inner Flame                    Hexes/Fire                   3
   d - Portal Projectile              Hexes/Translocation          3
   e - Cause Fear                     Hexes                        4
   f - Leda's Liquefaction            Hexes/Earth                  4
Comestibles
 f - 4 bread rations
 k - a meat ration
 n - 3 royal jellies
 o - a chunk of flesh


   Skills:
 - Level 4.0 Fighting
 - Level 4.2 Throwing
 + Level 3.8 Dodging
 - Level 2.0 Spellcasting
 - Level 3.0 Hexes


You had 6 spell levels left.
You knew the following spells:

 Your Spells              Type           Power        Failure   Level  Hunger
a - Corona                Hex            #......      7%          1    ##.....
b - Slow                  Hex            #.......     11%         2    ###....


Dungeon Overview and Level Annotations

Branches:
Dungeon (4/15)
 Temple: D:4-7

Altars:
Gozag

Annotations:
D:4 enarc13's ghost, amateur DEAM


Innate Abilities, Weirdness & Mutations

You are too large for most types of armour.
You have tough skin. (AC +1)


Message History

You don't have enough magic to cast that spell.
Casting: Slow
Confirm with . or Enter, or press ? or * to list all spells.
You don't have enough magic to cast that spell.
Casting: Slow
Confirm with . or Enter, or press ? or * to list all spells.
You don't have enough magic to cast that spell.
Unknown command.
You hit the hound but do no damage.
The hound is heavily wounded.
The hound bites you.
* * * LOW HITPOINT WARNING * * *
The hound barely misses you.
Unknown command.
Unknown command.
Unknown command.
You hit the hound but do no damage.
The hound is heavily wounded.
The hound bites you.
You die...

###.#######.....###.
#...(.....
##...#.##. ##...#.#
###.#.......
#........###
#W###..#.#
######h###..#.#
........@.......
....###.######.## ##
#.# ... #.# ## #.#
... .#. .


You could see a hound and enarc13's ghost.

Vanquished Creatures
  The ghost of Lasiace the Skirmisher, an amateur OgAM (D:3)
  An orc wizard (D:3)
  Terence (D:2)
  11 adders
  3 worms
  4 dart slugs
  2 leopard geckos
  3 orcs (D:3)
  4 ball pythons (D:2)
  A giant cockroach (D:1)
  9 goblins
  3 hobgoblins
  6 jackals (D:2)
  7 kobolds
  A quokka (D:2)
  16 bats
  6 frilled lizards
  9 rats
88 creatures vanquished.

Notes
Turn   | Place    | Note
-------+----------+-------------------------------------------
     0 | D:1      | Lasiace the Ogre Arcane Marksman began the quest for the Orb.
     0 | D:1      | Reached XP level 1. HP: 19/19 MP: 2/2
   175 | D:1      | Reached XP level 2. HP: 24/28 MP: 4/4
   716 | D:1      | Reached XP level 3. HP: 30/35 MP: 5/5
  1557 | D:2      | Found an opulent altar of Gozag.
  1984 | D:2      | Learned a level 2 spell: Slow
  2008 | D:2      | Noticed Terence
  2102 | D:2      | Reached XP level 4. HP: 38/44 MP: 7/7
  2842 | D:2      | Reached XP level 5. HP: 31/53 MP: 5/8
  3478 | D:2      | Killed Terence
  4107 | D:3      | Reached XP level 6. HP: 43/62 MP: 1/9
  4335 | D:3      | Noticed Lasiace's ghost (amateur OgAM)
  4385 | D:3      | Killed Lasiace's ghost
  4846 | D:4      | Noticed enarc13's ghost (amateur DEAM)
  4875 | D:4      | Slain by a hound

Vault maps used:
D:1:      nicolae_arrival_memento_mori, hangedman_decor_points
D:2:      lemuel_coloured_pillars_altar, kennysheep_another_room,
          minmay_shallow_snake_nest, uniq_terence
D:3:      lemuel_upstairs_altar
D:4:      cheibrodos_quashed, nicolae_ashenzari_panopticon, old_standard_altar,
          first_bread, nicolae_alphabet_shops

Skill      XL: |  1  2  3  4  5  6 |
---------------+-------------------+-----
Dodging        | 2 3 |  3.8
Fighting       | 2 3 4 |  4.0
Hexes          | 3 |  3.0
Spellcasting   | 2 |  2.0
Throwing       | 3 4 |  4.2

Action                   |  1- 3 |  4- 6 || total
-------------------------+-------+-------++-------
Melee: Short sword       |   123 |     1 ||   124
       Whip              |       |   256 ||   256
Throw: Large rock        |    16 |    22 ||    38
       Stone             |       |     1 ||     1
 Cast: Corona            |     7 |    44 ||    51
       Slow              |       |    11 ||    11
  Use: Scroll            |       |     4 ||     4
       Potion            |       |     2 ||     2
 Stab: Sleeping          |     1 |       ||     1
  Eat: Chunk             |     4 |     8 ||    12
       Bread ration      |       |     1 ||     1
Armor: Robe              |    65 |    76 ||   141
       Skin              |       |    13 ||    13
Dodge: Dodged            |   105 |   161 ||   266
Block: Other             |       |    45 ||    45

Table legend:
 A = Spawn XP
 B = Non-spawn XP
 C = Spawn XP percentage of total XP
 D = Spawn monster count
 E = Non-spawn monster count
 F = Spawn count percentage of total count
 G = Total turns spent on level
                    A         B        C        D         E        F      G
               +---------+---------+-------+---------+---------+-------+---------
         Total |       0 |     496 |   0.0 |       0 |      88 |   0.0 |  4875
               +---------+---------+-------+---------+---------+-------+---------
           D:1 |       0 |      37 |   0.0 |       0 |      21 |   0.0 |  1359
           D:2 |       0 |     218 |   0.0 |       0 |      41 |   0.0 |  2155
           D:3 |       0 |     240 |   0.0 |       0 |      25 |   0.0 |  1312
           D:4 |       0 |       1 |   0.0 |       0 |       1 |   0.0 |    49
               +---------+---------+-------+---------+---------+-------+---------
